 Dungeon Crawl Stone Soup version 0.26-a0-835-g8259106e14 (webtiles) character file.

Game seed: 668988335009213843

79 Descartes the Covert (level 4, 0/21 HPs)
             Began as a Felid Delver on Nov 17, 2020.
             Succumbed to a worker ant's poison
             ... on level 3 of the Dungeon.
             The game lasted 00:02:24 (444 turns).

Descartes the Covert (Felid Delver)                  Turns: 444, Time: 00:02:24

Health: 0/21       AC:  1    Str:  9    XL:     4   Next: 16%
Magic:  5/5        EV: 18    Int: 12    God:
Gold:   25         SH:  0    Dex: 17    Spells: 3/3 levels left
                                        Lives:  0   Deaths: 1

rFire    . . .     SeeInvis +     - Unarmed
rCold    . . .     Faith    .   (shield unavailable)
rNeg     . . .     Spirit   .   (armour unavailable)
rPois    .         Reflect  .   (helmet unavailable)
rElec    .         Harm     .   (cloak unavailable)
rCorr    .         Rampage  .   (gloves unavailable)
MR       .....                  (boots unavailable)
Stlth    +++++.....             (no amulet)
HPRegen  0.07/turn              (no ring)
MPRegen  0.09/turn              (no ring)

@: lethally poisoned (0 -> -11), quick
A: very small, no armour, no weapons or thrown items, stealth, claws 1, fangs 3,
see invisible, speed 1, shaggy fur 1, sharp paws
a: no special abilities


You were on level 3 of the Dungeon.
You visited 1 branch of the dungeon, and saw 3 of its levels.

You collected 25 gold pieces.

Inventory:

Wands
 e - a wand of digging (3)
Scrolls
 a - a scroll of fog
 b - a scroll of magic mapping
 c - a scroll of fear
 d - a scroll of noise {unknown}
Potions
 f - a potion of degeneration {unknown}


   Skills:
 - Level 3.0 Fighting
 + Level 2.7 Dodging
 + Level 9.7 Stealth
 + Level 2.0 Unarmed Combat


You had 3 spell levels left.
You didn't know any spells.
Your spell library was empty.

Dungeon Overview and Level Annotations

Branches:
Dungeon (5/15)
 Temple: D:4-7

Altars:
Zin

Shops:
D:4 =


Innate Abilities, Weirdness & Mutations

You cannot wear armour.
You are incapable of wielding weapons or throwing items.
Your paws allow you to move quietly. (Stealth)
You have sharp claws.
You have razor-sharp teeth.
You have supernaturally acute eyesight. (SInv)
You cover ground quickly.
You are covered in fur. (AC +1)
Your sharp claws are effective at attacking unaware monsters.


Message History

You are too injured to fight recklessly!
You are too injured to fight recklessly!
You feel sick.
* * * LOW HITPOINT WARNING * * *
You feel sick.
* * * LOW HITPOINT WARNING * * *
You feel sick.
The kobold shouts!
You see here 9 gold pieces.
* * * LOW HITPOINT WARNING * * *
You feel sick.
* * * LOW HITPOINT WARNING * * *
You feel sick.
* * * LOW HITPOINT WARNING * * *
You feel sick.
* * * LOW HITPOINT WARNING * * *
You feel sick.
* * * LOW HITPOINT WARNING * * *
You feel sick.
You die...

#g## ...#≈≈.......#.#
###.# #.#≈≈.......#.#
....#####≈≈.......#.#
≈≈≈≈≈≈≈≈≈≈≈..†###.#.#
≈≈≈≈≈≈≈≈≈≈≈.........#
...........#.###.###
... #.......#.# #.#
.... #...###.#.# #†#
..... #..@# #.#.# #.#
..... #...###.#.# #.#
.)...###.......#..
..#
.........B..####.#
### ............# #..
............###
...............#
...............#
>....#.$.......#


You could see a worker ant.

Vanquished Creatures
  A necrophage (D:5)
  A scorpion (D:4)
  An adder (D:5)
  A worm (D:3)
  A dart slug (D:3)
  A bat (D:3)
  A frilled lizard (D:5)
  A jackal zombie (D:5)
8 creatures vanquished.

Notes
Turn   | Place    | Note
-------+----------+-------------------------------------------
     0 | D:5      | Descartes the Felid Delver began the quest for the Orb.
     0 | D:5      | Reached XP level 1. HP: 10/10 MP: 2/2
    16 | D:5      | Noticed a necrophage
    18 | D:5      | Killed a necrophage
    19 | D:5      | Reached skill level 9 in Stealth
    19 | D:5      | Reached XP level 2. HP: 14/14 MP: 3/3
    19 | D:5      | Reached XP level 3. HP: 17/17 MP: 4/4
    19 | D:5      | Reached XP level 4. HP: 21/21 MP: 5/5
    81 | D:5      | Found a glowing silver altar of Zin.
    86 | D:5      | Noticed an ogre
   144 | D:4      | Found Wum Qoap's Jewellery Shop.
   161 | D:4      | Reached XP level 5. HP: 24/24 MP: 6/6
   244 | D:4      | Slain by a scorpion
   245 | D:4      | Reached XP level 4. HP: -3/21 MP: 5/5
   442 | D:3      | HP: 1/21 [poisoned by a worker ant]
   444 | D:3      | Succumbed to a worker ant's poison

Illustrated notes

Levels and vault maps discovered:
D:3:      layout_basic, grunt_temple_overflow_open,
          gammafunk_ghost_gnarly_gnolls
D:4:      layout_rooms, serial_shops, shop, nicolae_underground_beach, uniq_ijyb
D:5:      cheibrodos_thug_alley, layout_gridville,
          nicolae_overflow_crystal_walls, st_stairs_1,
          hangedman_abyss_or_decor_passed, uniq_duvessa, uniq_pikel

Skill      XL: |  1 |
---------------+----+-----
Stealth        | 9 |  9.7
Fighting       | |  3.0
Dodging        | |  2.7
Unarmed Combat | |  2.0

Action                   |  1- 3 |  4- 6 || total
-------------------------+-------+-------++-------
Melee: Unarmed           |     1 |    32 ||    33
       Bite              |       |     5 ||     5
  Use: Potion            |       |     2 ||     2
 Stab: Sleeping          |     1 |     5 ||     6
Armor: Skin              |       |     1 ||     1
Dodge: Dodged            |       |    16 ||    16

Table legend: (Time is in decaauts)
 A = Elapsed time spent in this place.
 B = Non-inter-level travel time spent in this place.
 C = Inter-level travel time spent in this place.
 D = Time resting spent in this place.
 E = Time spent auto-exploring this place.
 F = Levels seen in this place.
 G = Mean time per level.
                   A        B        C        D        E       F      G
               +--------+--------+--------+--------+--------+-----+--------+
         Total |    379 |    334 |     45 |      0 |    236 |   3 |  126.3 |
       Dungeon |    379 |    334 |     45 |      0 |    236 |   3 |  126.3 |
               +--------+--------+--------+--------+--------+-----+--------+

Top non-repeatable levels by time:
     D:3: 154 daAuts
     D:4: 134 daAuts
     D:5: 90 daAuts
